 Dungeon Crawl Stone Soup version 0.18.1-8-gdd0e5ea (webtiles) character file.

98 Scarto the Covered (level 4, -3/35 HPs)
             Began as a Demonspawn Fighter on June 6, 2016.
             Slain by an ancient zyme (7 damage)
             ... on level 2 of the Abyss.
             The game lasted 00:02:45 (1671 turns).

Scarto the Covered (Demonspawn Fighter)             Turns: 1671, Time: 00:02:46

Health: -3/35      AC:  8    Str: 18    XL:     4   Next: 43%
Magic:  4/4        EV:  7    Int:  9    God:
Gold:   208        SH:  9    Dex: 12    Spells: 0 memorised, 3 levels left

rFire  . . .     SeeInvis .     a - +0 war axe
rCold  . . .     Gourm    .     b - +0 scale mail
rNeg   . . .     Faith    .     c - +0 shield
rPois  .         Spirit   .     (no helmet)
rElec  .         Dismiss  .     (no cloak)
rCorr  .         Reflect  .     (no gloves)
SustAt .         Harm     .     (no boots)
MR     .....                    (no amulet)
Stlth  ..........               (no ring)
                                (no ring)

@: non-regenerating, badly diseased, not resistant to hostile enchantments,
extremely unstealthy
A: yellow scales 1, powered by pain 1
a: no special abilities


You were on level 2 of the Abyss.
You were not hungry.

You visited 1 branch of the dungeon, and saw 2 of its levels.
You visited the Abyss 1 time.

You collected 208 gold pieces.

Inventory:

Hand Weapons
 a - a +0 war axe (weapon)
Armour
 b - a +0 scale mail (worn)
 c - a +0 shield (worn)
Scrolls
 e - 2 scrolls of teleportation {unknown}
 h - 2 scrolls of enchant armour {unknown}
 i - 2 scrolls of remove curse {unknown}
 j - 3 scrolls of identify {unknown}
 k - a scroll of fear {unknown}
Potions
 d - 2 potions of might
 f - a potion of lignification {unknown}
 g - 2 potions of mutation {unknown}
 m - a potion of berserk rage {unknown}
Comestibles
 l - a bread ration


   Skills:
 + Level 3.4 Fighting
 + Level 2.5 Axes
 + Level 3.5 Armour
 + Level 3.3 Shields


You had 3 spell levels left.
You didn't know any spells.

Dungeon Overview and Level Annotations

Branches:
Dungeon (2/15)

Altars:

Annotations:
D:2 Crazy Yiuf


Innate Abilities, Weirdness & Mutations

You are partially covered in yellow scales (AC +2).
You sometimes gain a little power by taking damage.


Message History

You are too injured to fight recklessly!
You are too injured to fight recklessly!
You are too injured to fight recklessly!
You are too injured to fight recklessly!
You are too injured to fight recklessly!
You are too injured to fight recklessly!
You are too injured to fight recklessly!
You are too injured to fight recklessly!
You are too injured to fight recklessly!
You are too injured to fight recklessly!
The ancient zyme hits you but does no damage.
You block the ancient zyme's attack.
You feel ill.
You feel ill.
The small abomination hits you but does no damage.
You feel ill.
Found a plate armour.
You see here a purple potion.
The ancient zyme hits you but does no damage.
The ancient zyme hits you!
You die...

#....#....#. # # #
...#.#....#.# . ..
##..#...#...#.#
...
####....#...ยง##..
#.##.##....#.#
#.#.#..#.....## #.
#...##.#!..# #
.#...x....##.
#..#.@x..#. #
#...#.####
#..#.#.#
.....#.#.. #.....#
..#.# #.....#.
#### ###### #


You could see an ancient zyme and a small abomination.

Vanquished Creatures
  4 adders (D:2)
  An ooze (D:1)
  A dart slug (D:1)
  A giant gecko (D:1)
  2 ball pythons (D:1)
  8 bats
  4 giant cockroaches
  10 goblins
  3 hobgoblins
  3 jackals (D:2)
  A quokka (D:2)
  6 kobolds
  6 rats
50 creatures vanquished.

Notes
Turn   | Place    | Note
--------------------------------------------------------------
     0 | D:1      | Scarto the Demonspawn Fighter began the quest for the Orb.
     0 | D:1      | Reached XP level 1. HP: 18/18 MP: 1/1
   108 | D:1      | Gained mutation: You are partially covered in yellow scales (AC +2). [demonic ancestry]
   108 | D:1      | Reached XP level 2. HP: 24/24 MP: 2/2
   450 | D:1      | Reached XP level 3. HP: 25/29 MP: 3/3
  1198 | D:2      | Gained mutation: You sometimes gain a little power by taking damage. [demonic ancestry]
  1198 | D:2      | Reached XP level 4. HP: 23/35 MP: 4/4
  1597 | D:2      | Noticed Crazy Yiuf
  1601 | D:2      | Cast into level 2 of the Abyss (Crazy Yiuf)
  1660 | Abyss:2  | Noticed an ancient zyme
  1661 | Abyss:2  | Noticed a small abomination
  1671 | Abyss:2  | Slain by an ancient zyme

Skill      XL: |  1  2  3 |
---------------+----------+-----
Axes           | 2 |  2.5
Armour         | 3 |  3.5
Shields        | 3 |  3.3
Fighting       | |  3.4

Action                   |  1- 3 |  4- 6 || total
-------------------------+-------+-------++-------
Melee: War axe           |   151 |    33 ||   184
  Eat: Bread ration      |       |     1 ||     1
Armor: Scale mail        |    89 |    22 ||   111
Dodge: Dodged            |    61 |    13 ||    74
Block: Shield            |    99 |    15 ||   114
